Map: [ESL] Site Delta

Players

Cham - Winner!

  • Race: Zerg Zerg
  • Spawn Location: 5:00

Erik

  • Race: Zerg Zerg
  • Spawn Location: 11:00

Event: ESL SC2 Masters 2024 Spring (Regional)

VOD

Have the link to the VOD?

Description

Time

  • Played on: April 13, 2024, 3:33 p.m.
  • Length: 12:03

All games in this series

Show
View Real Time Build Order
Export as new Build Order

Cham Zerg - Winner!

Build Orders: Hatch First 

Get SALT Encoding   

  12  0:00  Drone  
  13  0:12  Overlord  
  13  0:17  Drone  
  14  0:30  Drone  
  14  0:31  Drone  
  16  0:48  Hatchery  
  15  0:51  Drone  
  15  0:55  Drone  
  17  1:08  Spawning Pool  
  16  1:12  Extractor  
  16  1:13  Drone  
  16  1:18  Drone  
  17  1:21  Drone  
  18  1:29  Drone  
  19  1:40  Overlord  
  19  1:55  Queen  
  19  1:57  Zergling x2  
  19  1:59  Queen  
  19  2:00  Zergling x4  
  26  2:10  Overlord  
  26  2:13  Drone  
  27  2:22  Drone x2  
  29  2:34  Drone x2  
  31  2:49  Hatchery  
  30  2:55  Baneling Nest  
  30  2:58  Drone x2  
  31  3:04  Drone  
  31  3:05  Drone x2  
  34  3:12  Drone x2  
  36  3:14  Drone  
  36  3:15  Drone  
  36  3:19  Evolution Chamber  
  38  3:21  Zergling x4  
  38  3:22  Zergling x2  
  38  3:26  Lair  
  41  3:29  Drone  
  42  3:36  Roach Warren, Drone  
  42  3:37  Drone  
  42  3:41  Drone  
  44  3:42  Overlord  
  44  3:46  Metabolic Boost  
  44  3:51  Zerg Missile Weapons Level 1  
  44  3:55  Drone, Extractor  
  43  3:57  Overlord, Extractor  
  43  3:59  Drone  
  43  4:01  Drone  
  45  4:03  Drone  
  45  4:04  Drone  
  45  4:07  Drone  
  45  4:08  Drone  
  49  4:13  Overlord  
  49  4:16  Drone  
  49  4:17  Drone  
  51  4:19  Roach  
  51  4:22  Roach  
  51  4:23  Roach  
  57  4:26  Roach  
  59  4:31  Glial Reconstitution  
  59  4:34  Drone  
  59  4:37  Drone x3, Extractor  
  62  4:42  Overseer  
  64  4:46  Roach x2  
  64  4:52  Roach x3  
  72  4:54  Zergling x4  
  74  5:00  Overlord  
  74  5:03  Overlord  
  72  5:21  Roach  
  72  5:22  Roach x6  
  81  5:29  Roach x4  
  81  5:34  Zergling x2  
  81  5:35  Overlord x2  
  89  5:43  Overlord x2  
  89  5:47  Overlord  
  89  5:56  Drone x2  
  89  5:57  Drone x2  
  94  6:04  Drone x2  
  94  6:06  Overlord  
  94  6:10  Roach x2  
  94  6:11  Roach  
  101  6:12  Zerg Missile Weapons Level 2  
  101  6:13  Roach  
  101  6:18  Roach x2  
  107  6:21  Roach  
  107  6:22  Roach  
  107  6:24  Drone  
  112  6:28  Drone x2  
  114  6:33  Ravager x3  
  114  6:34  Ravager  
  114  6:36  Overlord  
  114  6:38  Roach x2  
  114  6:39  Roach  
  124  6:42  Queen  
  124  6:45  Roach  
  128  6:50  Roach, Overlord  
  128  6:53  Roach  
  132  6:54  Roach  
  132  6:57  Overlord  
  132  6:58  Drone  
  132  7:00  Overlord  
  135  7:03  Overlord  
  135  7:08  Overlord  
  135  7:11  Roach x2  
  135  7:12  Roach  
  135  7:15  Roach x2  
  145  7:17  Roach  
  145  7:18  Ravager  
  145  7:22  Roach x2  
  152  7:23  Roach  
  151  7:35  Roach x2  
  151  7:36  Roach x3  
  137  7:39  Roach  
  125  7:46  Roach x6  
  125  7:51  Roach x2  
  118  7:53  Roach  
  118  7:54  Tunneling Claws  
  118  7:56  Burrow  
  120  7:59  Drone  
  120  8:01  Extractor  
  120  8:05  Roach x2  
  124  8:10  Roach  
  126  8:15  Roach x2  
  130  8:20  Roach  
  130  8:24  Roach  
  134  8:29  Overlord  
  134  8:32  Roach x8  
  134  8:33  Roach  
  152  8:38  Roach  
  152  8:39  Ravager  
  152  8:40  Overlord  
  155  8:43  Roach  
  157  8:54  Roach x2  
  157  8:55  Roach x3  
  155  8:56  Roach  
  155  8:57  Roach x2  
  155  9:00  Roach  
  139  9:03  Roach  
  139  9:05  Roach  
  127  9:11  Roach x3  
  127  9:12  Roach  
  135  9:17  Roach  
  135  9:19  Roach  
  135  9:23  Roach x2  
  143  9:28  Roach x7  
  149  9:33  Roach x2  
  149  9:37  Roach x2  
  157  9:43  Roach  
  155  9:51  Roach x7  
  145  9:58  Roach x3  
  143  10:01  Roach x2  
  143  10:04  Roach  
  141  10:07  Roach  
  141  10:10  Roach x5  
  145  10:18  Roach x3  
  141  10:24  Roach x3  
  125  10:28  Roach x3  
  125  10:40  Roach x2, Ravager  
  125  10:42  Ravager  
  131  10:44  Roach  
  131  10:47  Hatchery  
  131  10:48  Roach x2  
  136  10:56  Roach x4  
  140  11:01  Roach x2  
  132  11:04  Roach x2  
  132  11:09  Roach x2  
  130  11:18  Roach x3  
  120  11:22  Roach x4  
  128  11:27  Extractor  
  128  11:28  Roach x2  
  131  11:32  Roach  
  131  11:33  Roach x3  
  131  11:34  Roach  
  131  11:38  Ravager x2  
  139  11:40  Roach x2  
  139  11:42  Roach  
Show
View Real Time Build Order
Export as new Build Order

Erik Zerg 

Build Orders: Hatch First, Roach Hydra 

Get SALT Encoding   

  12  0:00  Drone  
  13  0:07  Drone  
  14  0:14  Extractor  
  14  0:15  Drone  
  15  0:37  Hatchery  
  15  0:42  Drone, Extractor  
  14  0:48  Overlord  
  15  1:03  Spawning Pool  
  14  1:07  Drone  
  14  1:10  Drone  
  16  1:13  Drone  
  17  1:18  Drone  
  17  1:24  Extractor  
  17  1:29  Drone  
  19  1:40  Drone  
  19  1:49  Queen x2  
  19  1:50  Zergling x2  
  19  1:53  Drone  
  25  1:59  Overlord  
  25  2:01  Drone  
  26  2:10  Drone  
  26  2:11  Drone  
  28  2:21  Drone  
  28  2:22  Drone  
  30  2:27  Lair  
  30  2:32  Zergling x2  
  31  2:38  Drone  
  31  2:43  Overlord, Roach Warren  
  31  2:45  Drone  
  32  2:53  Drone  
  33  3:00  Drone x3  
  33  3:02  Drone x3  
  33  3:03  Drone  
  40  3:07  Extractor  
  40  3:10  Drone  
  40  3:12  Evolution Chamber  
  39  3:13  Drone  
  40  3:23  Overlord  
  40  3:25  Glial Reconstitution, Drone  
  40  3:32  Drone x3  
  43  3:35  Overlord  
  43  3:38  Drone  
  43  3:41  Zerg Missile Weapons Level 1  
  44  3:45  Roach x2  
  48  3:50  Roach, Extractor  
  48  3:52  Drone x2  
  51  3:58  Evolution Chamber  
  51  4:02  Overlord  
  50  4:04  Roach x2  
  50  4:05  Roach  
  50  4:07  Drone  
  50  4:08  Drone  
  58  4:13  Roach  
  58  4:15  Evolution Chamber  
  60  4:20  Overlord  
  60  4:22  Roach  
  62  4:25  Overseer  
  62  4:30  Overlord  
  62  4:34  Roach x3  
  68  4:42  Roach x4  
  76  4:58  Hatchery  
  76  4:59  Drone x4  
  79  5:03  Extractor  
  79  5:04  Hydralisk Den  
  77  5:09  Drone x4  
  76  5:30  Roach x4  
  78  5:36  Muscular Augments  
  78  5:37  Roach x3  
  78  5:39  Overlord  
  78  5:40  Overlord  
  84  5:52  Overlord x2  
  84  6:00  Roach x4  
  92  6:06  Roach x4  
  92  6:07  Zerg Missile Weapons Level 2  
  100  6:12  Queen  
  102  6:23  Hydralisk  
  102  6:24  Hydralisk x3  
  110  6:31  Drone x5  
  115  6:35  Extractor  
  115  6:36  Overlord x2  
  114  6:40  Drone  
  114  6:41  Drone x2  
  114  6:42  Drone  
  114  6:43  Drone  
  119  6:48  Grooved Spines  
  119  6:54  Overlord  
  119  6:59  Roach x4  
  119  7:00  Roach  
  129  7:10  Overlord x3  
  129  7:17  Overlord  
  129  7:29  Roach  
  133  7:30  Roach x7  
  123  7:38  Roach x6  
  131  7:44  Roach x3  
  131  7:50  Hydralisk x2  
  125  7:54  Hydralisk x2  
  125  7:55  Hydralisk  
  129  8:02  Hydralisk x2  
  133  8:16  Roach  
  133  8:17  Roach x6  
  133  8:19  Overlord  
  147  8:23  Zerg Ground Armor Level 1  
  147  8:26  Overseer  
  147  8:33  Overlord  
  147  8:35  Roach x3  
  153  8:41  Roach  
  153  8:42  Roach x3  
  149  8:57  Roach  
  149  8:58  Roach x8  
  111  9:10  Roach x6  
  111  9:12  Roach  
  111  9:14  Roach  
  121  9:22  Overseer  
  121  9:25  Overseer  
  121  9:31  Roach x6  
  133  9:41  Roach x4  
  119  9:56  Hydralisk  
  119  9:57  Hydralisk x5  
  123  10:03  Roach  
  123  10:04  Roach  
  107  10:24  Roach x5  
  99  10:35  Hydralisk x3  
  93  10:41  Drone x6  
  103  10:53  Roach  
  103  10:54  Roach x2  
  98  10:59  Roach x2  
  89  11:08  Roach  
  81  11:14  Roach x4  
  68  11:23  Roach  
  63  11:35  Roach  
  63  11:36  Roach  
Tags
 
Add a new tag
Caveats
  • Supply blocks, unpowered buildings, or Contaminate may cause inaccurate times.
  • Supply counts are checked every 10 seconds.